ANAHEIM vs VANCOUVER

Created - Saturday, June 02, 2018 at 23:06

Goals
1 2 3 T
ANAHEIM 1 0 0 1
VANCOUVER 0 0 0 0
Shots
1 2 3 T
ANAHEIM 9 5 14 28
VANCOUVER 11 12 6 29

1st period

1. ANAHEIM , Connor McDavid 7 (Conor Sheary 4) at 13:28

Penalties :
Mark Stone (VAN) for Hooking (Minor) at 14:38

2nd period

No Goal

Penalties :
Hampus Lindholm (VAN) for Hooking (Minor) at 0:28, Kris Russell (ANA) for Boarding (Minor) at 6:21, Nazem Kadri (VAN) for Interference (Minor) at 15:40, Cam Talbot (ANA) for Slashing (Minor) at 19:09 - Connor McDavid served the penalty.

3rd period

No Goal

Penalties :
Travis Hamonic (VAN) for Roughing (Minor) at 16:49

Goalie Stats

Cam Talbot (ANA), 29 saves from 29 shots - (1.000), W, 5-4-0, 60:00 minutes
Ryan Miller (VAN), 27 saves from 28 shots - (0.964), L, 6-3-0, 59:48 minutes

Players Stats for ANAHEIM

Player Name              G  A  P  +/- PIM S  H  SB GA TA FO     MP     PP MP  PK MP  
------------------------------------------------------------------------------------
Andrew Shaw              0  0  0   0  0   0  2  0  0  0  7/13   14:02   0:00   0:00 
Anton Stralman           0  0  0   1  0   0  0  2  0  0  0/0    24:19   4:19   1:52 
Ben Lovejoy              0  0  0   0  0   2  1  1  0  0  0/0    21:26   2:51   2:06 
Benoit Pouliot           0  0  0   0  0   1  0  0  0  0  0/0     0:50   0:46   0:04 
Braydon Coburn           0  0  0   0  0   0  1  1  0  0  0/0    16:21   0:46   2:06 
Connor McDavid           1  0  1   1  0   5  1  0  0  0  17/33  23:07   3:31   1:21 
Conor Sheary             0  1  1   1  0   4  1  0  0  0  1/2    20:46   3:31   0:00 
David Perron             0  0  0   0  0   1  0  0  0  0  1/4    15:57   0:46   1:09 
Evgeny Kuznetsov         0  0  0   1  0   5  0  0  0  0  2/7    21:34   2:51   1:28 
Gustav Nyquist           0  0  0   0  0   0  0  0  0  0  0/0     3:39   3:39   0:00 
Jacob Josefson           0  0  0   0  0   1  1  0  0  0  8/17   16:35   0:46   0:00 
Jason Zucker             0  0  0   0  0   2  2  0  0  0  0/0    20:36   4:19   0:28 
Karl Alzner              0  0  0   1  0   1  1  2  0  0  0/0    24:19   4:19   1:52 
Kris Russell             0  0  0   0  2   1  0  3  0  0  0/0    14:14   0:46   0:00 
Lee Stempniak            0  0  0   0  0   0  0  0  0  0  0/0     1:00   0:00   0:00 
Mark Fayne               0  0  0   0  0   0  0  0  0  0  0/0     0:00   0:00   0:00 
Michael Frolik           0  0  0   0  0   0  0  0  0  0  1/2    18:28   0:00   3:26 
Mike Green               0  0  0   0  0   3  3  0  0  0  0/0    19:20   2:51   0:00 
Thomas Vanek             0  0  0   0  0   2  0  0  0  0  2/3    19:28   3:39   0:00 

Players Stats for VANCOUVER

Player Name              G  A  P  +/- PIM S  H  SB GA TA FO     MP     PP MP  PK MP  
------------------------------------------------------------------------------------
Chris Kunitz             0  0  0   0  0   0  1  0  0  0  1/1     6:28   0:00   0:57 
Daniel Sedin             0  0  0   0  0   3  0  0  0  0  0/0     9:04   0:00   0:00 
Erik Johnson             0  0  0   0  0   0  1  1  0  0  0/0    21:06   1:18   4:30 
Hampus Lindholm          0  0  0   0  2   2  0  1  0  0  0/0    19:33   1:18   2:58 
Jaromir Jagr             0  0  0  -1  0   1  0  0  0  0  0/0    15:28   0:00   0:00 
Jean-Gabriel Pageau      0  0  0   0  0   2  0  0  0  0  20/26  15:27   1:42   4:41 
Jonathan Huberdeau       0  0  0  -1  0   0  0  0  0  0  1/1    17:10   1:42   0:00 
Justin Abdelkader        0  0  0   0  0   1  1  0  0  0  0/0     9:04   0:00   0:00 
Kevin Bieksa             0  0  0  -1  0   0  3  2  0  0  0/0    16:07   0:00   0:28 
Marian Gaborik           0  0  0   0  0   1  0  0  0  0  0/0     5:31   0:00   0:00 
Mark Arcobello           0  0  0   0  0   0  0  0  0  0  1/3     5:31   0:00   0:00 
Mark Stone               0  0  0   0  2   2  1  0  0  0  1/2    19:44   1:42   0:00 
Nazem Kadri              0  0  0  -1  2   5  6  0  0  0  7/17   22:21   2:16   3:38 
Patrick Kane             0  0  0   0  0   4  3  0  0  0  0/1    23:34   2:16   3:15 
Ryan Ellis               0  0  0   0  0   5  2  2  0  0  0/0    24:03   2:40   4:14 
T.J. Brodie              0  0  0   0  0   0  0  2  0  0  0/0    22:22   2:40   3:33 
Travis Hamonic           0  0  0  -1  2   1  3  1  0  0  0/0    15:47   0:00   0:09 
Tyler Seguin             0  0  0   0  0   2  3  0  0  0  11/30  23:40   2:16   3:21 

3 Stars

1 - Cam Talbot (ANA)
2 - Ryan Miller (VAN)
3 - Connor McDavid (ANA)

Power Play

ANAHEIM - 0 on 4 Attempt(s) - 0.00%
VANCOUVER - 0 on 2 Attempt(s) - 0.00%

Penalty Kill

ANAHEIM - 2 on 2 Attempt(s) - 100.00% - Score 0 goal in Penalty Kill
VANCOUVER - 4 on 4 Attempt(s) - 100.00% - Score 0 goal in Penalty Kill

Team Stat

ANAHEIM - Hits : 13 - Faceoff Wins : 39 - Blocked Shots : 9 - Penalty Minutes : 4
VANCOUVER - Hits : 24 - Faceoff Wins : 42 - Blocked Shots : 9 - Penalty Minutes : 8

Official

Referees : Unknown
Linesman : Unknown

Game Notes

No Game Note

Finance

Level 1 -- Attendance: 6000 (100.00%) -- Ticket Income $516,000
Level 2 -- Attendance: 5000 (100.00%) -- Ticket Income $280,000
Level 3 -- Attendance: 2000 (100.00%) -- Ticket Income $64,000
Level 4 -- Attendance: 4000 (100.00%) -- Ticket Income $76,000
Luxury Box -- Attendance: 1000 (100.00%) -- Ticket Income $182,000
Game was played at the Rogers Arena.
Total Attendance: 18000 (100.00%)
Total Ticket Income: $1,118,000
Total Income: $1,118,000

ANAHEIM

5 vs 5 Forward 
   Center                   Left Wing                Right Wing               Time % Phy DF OF 
 1 Connor McDavid           Evgeny Kuznetsov         Conor Sheary             35     0   2  3  
 2 Jacob Josefson           Jason Zucker             Thomas Vanek             27     0   2  3  
 3 Andrew Shaw              David Perron             Michael Frolik           19     1   2  2  
 4 Connor McDavid           Evgeny Kuznetsov         Conor Sheary             19     2   2  1  

5 vs 5 Defense 
   Defense                  Defense                                           Time % Phy DF OF 
 1 Anton Stralman           Karl Alzner                                       35     1   2  2  
 2 Mike Green               Ben Lovejoy                                       30     1   2  2  
 3 Kris Russell             Braydon Coburn                                    25     1   2  2  
 4 Anton Stralman           Karl Alzner                                       10     1   2  2  

PowerPlay Forward 
   Center                   Left Wing                Right Wing               Time % Phy DF OF 
 1 Connor McDavid           Jason Zucker             Conor Sheary             60     1   2  2  
 2 Evgeny Kuznetsov         Thomas Vanek             Gustav Nyquist           40     1   2  2  

PowerPlay Defense
   Defense                  Defense                                           Time % Phy DF OF 
 1 Anton Stralman           Karl Alzner                                       60     1   2  2  
 2 Mike Green               Ben Lovejoy                                       40     1   2  2  

Penalty Kill 4 Players Forward 
   Center                   Wing                     Time % Phy DF OF 
 1 Connor McDavid           Michael Frolik           60     1   2  2  
 2 Evgeny Kuznetsov         Jason Zucker             40     1   2  2  

Penalty Kill 4 Players Defense
   Defense                  Defense                  Time % Phy DF OF 
 1 Anton Stralman           Karl Alzner              60     1   2  2  
 2 Braydon Coburn           Ben Lovejoy              40     1   2  2  

Penalty Kill - 3 Players Forward 
   Forward                                           Time % Phy DF OF 
 1 Michael Frolik                                    60     1   2  2  
 2 Lee Stempniak                                     40     1   2  2  

Penalty Kill - 3 Players Defense
   Defense                  Defense                  Time % Phy DF OF 
 1 Anton Stralman           Karl Alzner              60     1   2  2  
 2 Braydon Coburn           Ben Lovejoy              40     1   2  2  

4 vs 4 Forward 
   Center                   Wing                     Time % Phy DF OF 
 1 Connor McDavid           Evgeny Kuznetsov         60     1   2  2  
 2 Conor Sheary             Jason Zucker             40     1   2  2  

4 vs 4 Defense
   Defense                  Defense                  Time % Phy DF OF 
 1 Anton Stralman           Karl Alzner              60     1   2  2  
 2 Braydon Coburn           Ben Lovejoy              40     1   2  2  

Last Minutes Offensive
   Center                   Left Wing                Right Wing               Defense                  Defense                  
   Connor McDavid           Evgeny Kuznetsov         Conor Sheary             Anton Stralman           Karl Alzner              

Last Minutes Defensive
   Center                   Left Wing                Right Wing               Defense                  Defense                  
   Connor McDavid           Michael Frolik           Lee Stempniak            Anton Stralman           Karl Alzner              

Goaltenders
Starting : Cam Talbot               
Backup : Peter Budaj              

Extra Forwards
Normal : Connor McDavid, Jason Zucker, David Perron - PP : Connor McDavid, Jason Zucker - PK : David Perron
Extra Defensemen
Normal : Kris Russell, Karl Alzner, Mike Green - PP : Kris Russell - PK : Anton Stralman, Mike Green
Penalty Shots
Connor McDavid, Conor Sheary, Evgeny Kuznetsov, Thomas Vanek, Jason Zucker

Scratches
ANA CAP HIT (Suspend), Erik Gudbranson (Healthy), Nail Yakupov (Healthy)

VANCOUVER

5 vs 5 Forward 
   Center                   Left Wing                Right Wing               Time % Phy DF OF 
 1 Tyler Seguin             Patrick Kane             Mark Stone               43     0   2  3  
 2 Nazem Kadri              Jonathan Huberdeau       Jaromir Jagr             38     1   2  2  
 3 Jean-Gabriel Pageau      Daniel Sedin             Justin Abdelkader        18     1   2  2  
 4 Mark Arcobello           Chris Kunitz             Marian Gaborik           1      0   3  2  

5 vs 5 Defense 
   Defense                  Defense                                           Time % Phy DF OF 
 1 T.J. Brodie              Ryan Ellis                                        43     1   2  2  
 2 Hampus Lindholm          Erik Johnson                                      41     1   2  2  
 3 Kevin Bieksa             Travis Hamonic                                    16     0   3  2  
 4 T.J. Brodie              Ryan Ellis                                        0      1   2  2  

PowerPlay Forward 
   Center                   Left Wing                Right Wing               Time % Phy DF OF 
 1 Tyler Seguin             Patrick Kane             Nazem Kadri              60     1   1  3  
 2 Jean-Gabriel Pageau      Jonathan Huberdeau       Mark Stone               40     1   1  3  

PowerPlay Defense
   Defense                  Defense                                           Time % Phy DF OF 
 1 T.J. Brodie              Ryan Ellis                                        60     1   2  2  
 2 Hampus Lindholm          Erik Johnson                                      40     1   2  2  

Penalty Kill 4 Players Forward 
   Center                   Wing                     Time % Phy DF OF 
 1 Jean-Gabriel Pageau      Nazem Kadri              55     0   4  1  
 2 Tyler Seguin             Patrick Kane             45     0   4  1  

Penalty Kill 4 Players Defense
   Defense                  Defense                  Time % Phy DF OF 
 1 T.J. Brodie              Erik Johnson             55     0   4  1  
 2 Hampus Lindholm          Ryan Ellis               45     0   4  1  

Penalty Kill - 3 Players Forward 
   Forward                                           Time % Phy DF OF 
 1 Jean-Gabriel Pageau                               60     0   4  1  
 2 Nazem Kadri                                       40     0   4  1  

Penalty Kill - 3 Players Defense
   Defense                  Defense                  Time % Phy DF OF 
 1 T.J. Brodie              Erik Johnson             60     1   3  1  
 2 Hampus Lindholm          Ryan Ellis               40     1   3  1  

4 vs 4 Forward 
   Center                   Wing                     Time % Phy DF OF 
 1 Tyler Seguin             Patrick Kane             60     1   2  2  
 2 Nazem Kadri              Jonathan Huberdeau       40     1   2  2  

4 vs 4 Defense
   Defense                  Defense                  Time % Phy DF OF 
 1 T.J. Brodie              Erik Johnson             60     1   2  2  
 2 Hampus Lindholm          Ryan Ellis               40     1   2  2  

Last Minutes Offensive
   Center                   Left Wing                Right Wing               Defense                  Defense                  
   Tyler Seguin             Patrick Kane             Nazem Kadri              Mark Stone               Ryan Ellis               

Last Minutes Defensive
   Center                   Left Wing                Right Wing               Defense                  Defense                  
   Tyler Seguin             Patrick Kane             Nazem Kadri              T.J. Brodie              Erik Johnson             

Goaltenders
Starting : Ryan Miller              
Backup : Martin Jones             

Extra Forwards
Normal : Jean-Gabriel Pageau, Tyler Seguin, Nazem Kadri - PP : Nazem Kadri, Patrick Kane - PK : Tyler Seguin
Extra Defensemen
Normal : Hampus Lindholm, Ryan Ellis, T.J. Brodie - PP : Travis Hamonic - PK : Ryan Ellis, Erik Johnson
Penalty Shots
Patrick Kane, Tyler Seguin, Jonathan Huberdeau, Nazem Kadri, Ryan Ellis

Scratches
None


% Time on Ice - ANAHEIM

Lines # - Real PCT - Wanted PCT - Time Play
Normal Forward
1 - 27% - 35% - 12:54
2 - 34% - 27% - 15:49
3 - 30% - 19% - 14:02
4 - 9% - 19% - 4:21
Normal Defense
1 - 32% - 35% - 15:05
2 - 35% - 30% - 16:29
3 - 29% - 25% - 13:29
4 - 4% - 10% - 2:03
PP Forward
1 - 54% - 60% - 4:17
2 - 46% - 40% - 3:39
PP Defense
1 - 64% - 60% - 5:05
2 - 36% - 40% - 2:51
PK Forward
1 - 88% - 60% - 3:30
2 - 12% - 40% - 0:28
PK Defense
1 - 47% - 60% - 1:52
2 - 53% - 40% - 2:06
PK3 Forward
1 - 0% - 60%
2 - 0% - 40%
PK3 Defense
1 - 0% - 60%
2 - 0% - 40%
44 Forward
1 - 0% - 60%
2 - 0% - 40%
44 Defense
1 - 0% - 60%
2 - 0% - 40%
Last Minute Offensive  - 0:00
Last Minute Defensive  - 1:00
Total
Forward - 60:00
Defense - 60:00

% Time on Ice - VANCOUVER

Lines # - Real PCT - Wanted PCT - Time Play
Normal Forward
1 - 36% - 43% - 17:03
2 - 33% - 38% - 15:28
3 - 19% - 18% - 9:04
4 - 12% - 1% - 5:31
Normal Defense
1 - 34% - 43% - 16:09
2 - 32% - 41% - 15:18
3 - 33% - 16% - 15:39
4 - 0% - 0% - 0:00
PP Forward
1 - 57% - 60% - 2:16
2 - 43% - 40% - 1:42
PP Defense
1 - 67% - 60% - 2:40
2 - 33% - 40% - 1:18
PK Forward
1 - 59% - 55% - 4:41
2 - 41% - 45% - 3:15
PK Defense
1 - 45% - 55% - 3:33
2 - 55% - 45% - 4:23
PK3 Forward
1 - 0% - 60%
2 - 0% - 40%
PK3 Defense
1 - 0% - 60%
2 - 0% - 40%
44 Forward
1 - 0% - 60%
2 - 0% - 40%
44 Defense
1 - 0% - 60%
2 - 0% - 40%
Last Minute Offensive  - 1:00
Last Minute Defensive  - 0:00
Total
Forward - 60:00
Defense - 60:00

Play-by-Play

1st period


0:01 of 1st period - Tyler Seguin wins face-off versus Connor McDavid in neutral zone.
0:06 of 1st period - Anton Stralman is hit by Tyler Seguin and loses puck.
0:19 of 1st period - T.J. Brodie is hit by Connor McDavid and loses puck.
0:37 of 1st period - Icing by Anton Stralman.
0:38 of 1st period - Conor Sheary wins face-off versus Nazem Kadri in ANAHEIM zone.
0:54 of 1st period - Evgeny Kuznetsov is hit by Nazem Kadri and loses puck.
1:13 of 1st period - Shot by Mike Green.
1:13 of 1st period - Stopped by Ryan Miller without a rebound.
1:14 of 1st period - Andrew Shaw wins face-off versus Jean-Gabriel Pageau in VANCOUVER zone.
1:44 of 1st period - Shot by Andrew Shaw.
1:44 of 1st period - Shot Blocked by Kevin Bieksa.
2:28 of 1st period - Shot by Mark Stone.
2:28 of 1st period - Shot Misses the Net.
2:35 of 1st period - Mark Stone is hit by Mike Green and loses puck.
2:42 of 1st period - Shot by Tyler Seguin.
2:42 of 1st period - Stopped by Cam Talbot with a rebound.
2:58 of 1st period - Shot by Patrick Kane.
2:58 of 1st period - Stopped by Cam Talbot without a rebound.
2:59 of 1st period - Connor McDavid wins face-off versus Nazem Kadri in ANAHEIM zone.
3:18 of 1st period - Shot by Evgeny Kuznetsov.
3:18 of 1st period - Deflect By Conor Sheary.
3:18 of 1st period - Stopped by Ryan Miller without a rebound.
3:19 of 1st period - Mark Arcobello wins face-off versus Michael Frolik in VANCOUVER zone.
3:19 of 1st period - Mark Arcobello is hit by Andrew Shaw.
3:58 of 1st period - Icing by Kris Russell.
3:59 of 1st period - Nazem Kadri wins face-off versus Andrew Shaw in ANAHEIM zone.
4:20 of 1st period - Shot by Nazem Kadri.
4:20 of 1st period - Deflect By Jaromir Jagr.
4:20 of 1st period - Shot Blocked by Kris Russell.
4:24 of 1st period - Shot by Jaromir Jagr.
4:24 of 1st period - Shot Blocked by Braydon Coburn.
4:26 of 1st period - Shot by Erik Johnson.
4:26 of 1st period - Shot Misses the Net.
4:28 of 1st period - Shot by Nazem Kadri.
4:28 of 1st period - Stopped by Cam Talbot without a rebound.
4:29 of 1st period - Tyler Seguin wins face-off versus Connor McDavid in ANAHEIM zone.
4:59 of 1st period - Patrick Kane is hit by Conor Sheary and loses puck.
5:35 of 1st period - Off-side.
5:36 of 1st period - Nazem Kadri wins face-off versus Jacob Josefson in neutral zone.
5:53 of 1st period - Icing by Ben Lovejoy.
5:54 of 1st period - Jean-Gabriel Pageau wins face-off versus Jacob Josefson in ANAHEIM zone.
6:17 of 1st period - Shot by Mike Green.
6:17 of 1st period - Stopped by Ryan Miller without a rebound.
6:18 of 1st period - Connor McDavid wins face-off versus Nazem Kadri in VANCOUVER zone.
6:22 of 1st period - Icing by Erik Johnson.
6:23 of 1st period - Connor McDavid wins face-off versus Nazem Kadri in VANCOUVER zone.
7:09 of 1st period - Conor Sheary is hit by Nazem Kadri.
7:31 of 1st period - Shot by Patrick Kane.
7:31 of 1st period - Stopped by Cam Talbot with a rebound.
7:33 of 1st period - Shot by Mark Stone.
7:33 of 1st period - Shot Misses the Net.
7:35 of 1st period - Shot by Patrick Kane.
7:35 of 1st period - Shot Misses the Net.
7:37 of 1st period - Shot by Ryan Ellis.
7:37 of 1st period - Stopped by Cam Talbot without a rebound.
7:38 of 1st period - Jean-Gabriel Pageau wins face-off versus Jacob Josefson in ANAHEIM zone.
7:38 of 1st period - Jean-Gabriel Pageau is hit by Mike Green.
7:49 of 1st period - Shot by Travis Hamonic.
7:49 of 1st period - Stopped by Cam Talbot with a rebound.
8:00 of 1st period - Justin Abdelkader is hit by Ben Lovejoy and loses puck.
8:54 of 1st period - Icing by Michael Frolik.
8:55 of 1st period - Jonathan Huberdeau wins face-off versus Andrew Shaw in ANAHEIM zone.
9:19 of 1st period - Shot by Nazem Kadri.
9:19 of 1st period - Stopped by Cam Talbot without a rebound.
9:20 of 1st period - Tyler Seguin wins face-off versus Connor McDavid in ANAHEIM zone.
9:44 of 1st period - Shot by Evgeny Kuznetsov.
9:44 of 1st period - Stopped by Ryan Miller without a rebound.
9:45 of 1st period - Nazem Kadri wins face-off versus Andrew Shaw in VANCOUVER zone.
9:45 of 1st period - Nazem Kadri is hit by Andrew Shaw.
9:53 of 1st period - Michael Frolik is hit by Nazem Kadri and loses puck.
10:55 of 1st period - Connor McDavid is hit by Ryan Ellis and loses puck.
11:12 of 1st period - Shot by Evgeny Kuznetsov.
11:12 of 1st period - Stopped by Ryan Miller without a rebound.
11:13 of 1st period - Jean-Gabriel Pageau wins face-off versus Jacob Josefson in VANCOUVER zone.
11:24 of 1st period - Shot by Daniel Sedin.
11:24 of 1st period - Stopped by Cam Talbot without a rebound.
11:25 of 1st period - Jacob Josefson wins face-off versus Mark Arcobello in ANAHEIM zone.
11:32 of 1st period - Shot by Kris Russell.
11:32 of 1st period - Shot Blocked by Ryan Ellis.
11:54 of 1st period - Shot by Jason Zucker.
11:54 of 1st period - Stopped by Ryan Miller with a rebound.
11:59 of 1st period - T.J. Brodie is hit by Braydon Coburn and loses puck.
12:56 of 1st period - Karl Alzner is hit by Tyler Seguin and loses puck.
13:28 of 1st period - Shot by Connor McDavid.
13:28 of 1st period - Goal by Connor McDavid - ANAHEIM : 1 - VANCOUVER : 0.
13:29 of 1st period - Andrew Shaw wins face-off versus Jean-Gabriel Pageau in neutral zone.
13:44 of 1st period - Shot by Daniel Sedin.
13:44 of 1st period - Shot Misses the Net.
13:46 of 1st period - Shot by Ryan Ellis.
13:46 of 1st period - Stopped by Cam Talbot with a rebound.
14:10 of 1st period - Shot by Daniel Sedin.
14:10 of 1st period - Deflect By Justin Abdelkader.
14:10 of 1st period - Shot Misses the Net.
14:21 of 1st period - Icing by Ben Lovejoy.
14:22 of 1st period - Andrew Shaw wins face-off versus Tyler Seguin in ANAHEIM zone.
14:38 of 1st period - Minor Penalty to Mark Stone for Hooking.
14:39 of 1st period - Jean-Gabriel Pageau wins face-off versus Connor McDavid in VANCOUVER zone.
14:39 of 1st period - T.J. Brodie is hit by Jason Zucker and loses puck.
15:18 of 1st period - Icing by Connor McDavid.
15:19 of 1st period - Tyler Seguin wins face-off versus Connor McDavid in ANAHEIM zone.
16:03 of 1st period - Shot by Mike Green.
16:03 of 1st period - Shot Blocked by Erik Johnson.
16:17 of 1st period - Shot by Thomas Vanek.
16:17 of 1st period - Shot Misses the Net.
16:19 of 1st period - Shot by Gustav Nyquist.
16:19 of 1st period - Shot Misses the Net.
16:21 of 1st period - Shot by Ben Lovejoy.
16:21 of 1st period - Stopped by Ryan Miller without a rebound.
16:22 of 1st period - Evgeny Kuznetsov wins face-off versus Tyler Seguin in VANCOUVER zone.
17:09 of 1st period - David Perron is hit by Travis Hamonic and loses puck.
17:19 of 1st period - Andrew Shaw is hit by Travis Hamonic.
18:02 of 1st period - Shot by Patrick Kane.
18:02 of 1st period - Stopped by Cam Talbot without a rebound.
18:03 of 1st period - Thomas Vanek wins face-off versus Nazem Kadri in ANAHEIM zone.
18:56 of 1st period - Shot by Conor Sheary.
18:56 of 1st period - Stopped by Ryan Miller without a rebound.
18:57 of 1st period - Connor McDavid wins face-off versus Tyler Seguin in VANCOUVER zone.
19:14 of 1st period - Icing by Ben Lovejoy.
19:15 of 1st period - Jean-Gabriel Pageau wins face-off versus Connor McDavid in ANAHEIM zone.
19:18 of 1st period - Shot by Justin Abdelkader.
19:18 of 1st period - Shot Misses the Net.
19:40 of 1st period - Shot by Daniel Sedin.
19:40 of 1st period - Stopped by Cam Talbot without a rebound.
19:41 of 1st period - Jacob Josefson wins face-off versus Tyler Seguin in ANAHEIM zone.
Goals for this period are 1 for ANAHEIM vs 0 for VANCOUVER.
Shots for this period are 9 for ANAHEIM vs 11 for VANCOUVER.

2nd period


0:01 of 2nd period - Tyler Seguin wins face-off versus Connor McDavid in neutral zone.
0:22 of 2nd period - Shot by Mark Stone.
0:22 of 2nd period - Stopped by Cam Talbot without a rebound.
0:23 of 2nd period - Jacob Josefson wins face-off versus Nazem Kadri in ANAHEIM zone.
0:23 of 2nd period - Jacob Josefson is hit by Nazem Kadri.
0:28 of 2nd period - Minor Penalty to Hampus Lindholm for Hooking.
0:29 of 2nd period - Jean-Gabriel Pageau wins face-off versus Connor McDavid in VANCOUVER zone.
0:29 of 2nd period - Jean-Gabriel Pageau is hit by Jason Zucker.
0:54 of 2nd period - Shot by Conor Sheary.
0:54 of 2nd period - Deflect By Connor McDavid.
0:54 of 2nd period - Shot Misses the Net.
0:56 of 2nd period - Shot by Karl Alzner.
0:56 of 2nd period - Shot Misses the Net.
1:09 of 2nd period - Conor Sheary is hit by Erik Johnson and loses puck.
1:25 of 2nd period - Icing by Gustav Nyquist.
1:26 of 2nd period - Jean-Gabriel Pageau wins face-off versus Evgeny Kuznetsov in ANAHEIM zone.
2:35 of 2nd period - Shot by Marian Gaborik.
2:35 of 2nd period - Shot Blocked by Kris Russell.
2:42 of 2nd period - Icing by Braydon Coburn.
2:43 of 2nd period - Tyler Seguin wins face-off versus Andrew Shaw in ANAHEIM zone.
3:07 of 2nd period - Shot by Tyler Seguin.
3:07 of 2nd period - Deflect By Patrick Kane.
3:07 of 2nd period - Shot Hit the Post.
3:37 of 2nd period - Shot by Nazem Kadri.
3:37 of 2nd period - Shot Blocked by Kris Russell.
3:45 of 2nd period - Shot by Nazem Kadri.
3:45 of 2nd period - Stopped by Cam Talbot without a rebound.
3:46 of 2nd period - Jean-Gabriel Pageau wins face-off versus Connor McDavid in ANAHEIM zone.
3:55 of 2nd period - Shot by Hampus Lindholm.
3:55 of 2nd period - Stopped by Cam Talbot with a rebound.
4:03 of 2nd period - Shot by Hampus Lindholm.
4:03 of 2nd period - Shot Misses the Net.
4:05 of 2nd period - Shot by Hampus Lindholm.
4:05 of 2nd period - Shot Misses the Net.
4:07 of 2nd period - Shot by Daniel Sedin.
4:07 of 2nd period - Stopped by Cam Talbot with a rebound.
4:09 of 2nd period - Shot by Jean-Gabriel Pageau.
4:09 of 2nd period - Stopped by Cam Talbot without a rebound.
4:10 of 2nd period - Jacob Josefson wins face-off versus Nazem Kadri in ANAHEIM zone.
5:10 of 2nd period - Jonathan Huberdeau is hit by Karl Alzner and loses puck.
5:32 of 2nd period - Icing by Anton Stralman.
5:33 of 2nd period - Connor McDavid wins face-off versus Tyler Seguin in ANAHEIM zone.
5:33 of 2nd period - Connor McDavid is hit by Tyler Seguin.
5:51 of 2nd period - Shot by Mark Stone.
5:51 of 2nd period - Shot Misses the Net.
5:53 of 2nd period - Shot by Hampus Lindholm.
5:53 of 2nd period - Shot Misses the Net.
6:21 of 2nd period - Minor Penalty to Kris Russell for Boarding.
6:22 of 2nd period - Connor McDavid wins face-off versus Jean-Gabriel Pageau in ANAHEIM zone.
6:33 of 2nd period - Shot by Mark Stone.
6:33 of 2nd period - Stopped by Cam Talbot with a rebound.
6:35 of 2nd period - Shot by Ryan Ellis.
6:35 of 2nd period - Shot Misses the Net.
6:37 of 2nd period - Shot by Jean-Gabriel Pageau.
6:37 of 2nd period - Stopped by Cam Talbot without a rebound.
6:38 of 2nd period - Tyler Seguin wins face-off versus David Perron in ANAHEIM zone.
6:45 of 2nd period - Shot by Ryan Ellis.
6:45 of 2nd period - Stopped by Cam Talbot without a rebound.
6:46 of 2nd period - Connor McDavid wins face-off versus Tyler Seguin in ANAHEIM zone.
6:46 of 2nd period - Connor McDavid is hit by Nazem Kadri.
6:56 of 2nd period - Shot by Connor McDavid.
6:56 of 2nd period - Stopped by Ryan Miller without a rebound.
6:57 of 2nd period - Jean-Gabriel Pageau wins face-off versus Connor McDavid in VANCOUVER zone.
7:02 of 2nd period - Shot by Ryan Ellis.
7:02 of 2nd period - Stopped by Cam Talbot with a rebound.
7:53 of 2nd period - Icing by Erik Johnson.
7:54 of 2nd period - Evgeny Kuznetsov wins face-off versus Tyler Seguin in VANCOUVER zone.
8:09 of 2nd period - Shot by Erik Johnson.
8:09 of 2nd period - Shot Misses the Net.
8:26 of 2nd period - Shot by Marian Gaborik.
8:26 of 2nd period - Shot Misses the Net.
8:39 of 2nd period - Mike Green is hit by Travis Hamonic and loses puck.
8:42 of 2nd period - Shot by Jacob Josefson.
8:42 of 2nd period - Stopped by Ryan Miller with a rebound.
9:01 of 2nd period - Icing by Travis Hamonic.
9:02 of 2nd period - Chris Kunitz wins face-off versus Andrew Shaw in VANCOUVER zone.
9:11 of 2nd period - Shot by Marian Gaborik.
9:11 of 2nd period - Shot Blocked by Karl Alzner.
10:24 of 2nd period - Icing by Braydon Coburn.
10:25 of 2nd period - Connor McDavid wins face-off versus Nazem Kadri in ANAHEIM zone.
10:51 of 2nd period - Icing by Hampus Lindholm.
10:52 of 2nd period - Thomas Vanek wins face-off versus Nazem Kadri in VANCOUVER zone.
10:57 of 2nd period - Shot by Jason Zucker.
10:57 of 2nd period - Shot Misses the Net.
11:31 of 2nd period - Anton Stralman is hit by Nazem Kadri and loses puck.
11:37 of 2nd period - Off-side.
11:38 of 2nd period - Andrew Shaw wins face-off versus Tyler Seguin in neutral zone.
12:41 of 2nd period - Off-side.
12:42 of 2nd period - Jean-Gabriel Pageau wins face-off versus Jacob Josefson in neutral zone.
12:52 of 2nd period - Icing by Anton Stralman.
12:53 of 2nd period - Nazem Kadri wins face-off versus Jacob Josefson in ANAHEIM zone.
14:06 of 2nd period - Connor McDavid is hit by Justin Abdelkader and loses puck.
14:34 of 2nd period - Icing by Ben Lovejoy.
14:35 of 2nd period - Connor McDavid wins face-off versus Patrick Kane in ANAHEIM zone.
14:35 of 2nd period - Connor McDavid is hit by Patrick Kane.
14:50 of 2nd period - Shot by Mark Stone.
14:50 of 2nd period - Shot Misses the Net.
15:40 of 2nd period - Minor Penalty to Nazem Kadri for Interference.
15:41 of 2nd period - Jean-Gabriel Pageau wins face-off versus Thomas Vanek in VANCOUVER zone.
17:06 of 2nd period - Shot by Benoit Pouliot.
17:06 of 2nd period - Stopped by Ryan Miller with a rebound.
17:36 of 2nd period - Shot by Connor McDavid.
17:36 of 2nd period - Deflect By Conor Sheary.
17:36 of 2nd period - Stopped by Ryan Miller without a rebound.
17:37 of 2nd period - Jean-Gabriel Pageau wins face-off versus Evgeny Kuznetsov in VANCOUVER zone.
18:29 of 2nd period - Shot by Thomas Vanek.
18:29 of 2nd period - Shot Blocked by Kevin Bieksa.
18:45 of 2nd period - Shot by Jason Zucker.
18:45 of 2nd period - Deflect By Thomas Vanek.
18:45 of 2nd period - Stopped by Ryan Miller without a rebound.
18:46 of 2nd period - Jean-Gabriel Pageau wins face-off versus Connor McDavid in VANCOUVER zone.
19:01 of 2nd period - Shot by Hampus Lindholm.
19:01 of 2nd period - Stopped by Cam Talbot with a rebound.
19:09 of 2nd period - Shot by Justin Abdelkader.
19:09 of 2nd period - Stopped by Cam Talbot without a rebound.
19:09 of 2nd period - Minor Penalty to Cam Talbot for Slashing.
19:10 of 2nd period - Tyler Seguin wins face-off versus David Perron in ANAHEIM zone.
19:23 of 2nd period - Shot by Patrick Kane.
19:23 of 2nd period - Stopped by Cam Talbot with a rebound.
Goals for this period are 0 for ANAHEIM vs 0 for VANCOUVER.
Shots for this period are 5 for ANAHEIM vs 12 for VANCOUVER.

3rd period


0:01 of 3rd period - David Perron wins face-off versus Tyler Seguin in neutral zone.
0:36 of 3rd period - Shot by Nazem Kadri.
0:36 of 3rd period - Stopped by Cam Talbot without a rebound.
0:37 of 3rd period - Mark Stone wins face-off versus David Perron in ANAHEIM zone.
1:15 of 3rd period - Marian Gaborik is hit by Mike Green.
1:26 of 3rd period - Off-side.
1:27 of 3rd period - Connor McDavid wins face-off versus Tyler Seguin in neutral zone.
1:42 of 3rd period - Shot by Tyler Seguin.
1:42 of 3rd period - Stopped by Cam Talbot without a rebound.
1:43 of 3rd period - Nazem Kadri wins face-off versus Jacob Josefson in ANAHEIM zone.
2:24 of 3rd period - Shot by Nazem Kadri.
2:24 of 3rd period - Stopped by Cam Talbot without a rebound.
2:25 of 3rd period - Tyler Seguin wins face-off versus Connor McDavid in ANAHEIM zone.
2:37 of 3rd period - Icing by T.J. Brodie.
2:38 of 3rd period - Andrew Shaw wins face-off versus Mark Stone in VANCOUVER zone.
2:41 of 3rd period - Shot by David Perron.
2:41 of 3rd period - Stopped by Ryan Miller without a rebound.
2:42 of 3rd period - Connor McDavid wins face-off versus Tyler Seguin in VANCOUVER zone.
2:47 of 3rd period - Shot by Anton Stralman.
2:47 of 3rd period - Shot Blocked by Ryan Ellis.
5:43 of 3rd period - Shot by Connor McDavid.
5:43 of 3rd period - Stopped by Ryan Miller without a rebound.
5:44 of 3rd period - Connor McDavid wins face-off versus Tyler Seguin in VANCOUVER zone.
5:44 of 3rd period - Connor McDavid is hit by Ryan Ellis.
5:56 of 3rd period - Shot by Connor McDavid.
5:56 of 3rd period - Stopped by Ryan Miller without a rebound.
5:57 of 3rd period - Tyler Seguin wins face-off versus Jacob Josefson in VANCOUVER zone.
5:57 of 3rd period - Mark Stone is hit by Jacob Josefson and loses puck.
7:15 of 3rd period - Shot by Jaromir Jagr.
7:15 of 3rd period - Stopped by Cam Talbot without a rebound.
7:16 of 3rd period - Jean-Gabriel Pageau wins face-off versus Connor McDavid in ANAHEIM zone.
8:34 of 3rd period - Icing by David Perron.
8:35 of 3rd period - Andrew Shaw wins face-off versus Tyler Seguin in ANAHEIM zone.
8:42 of 3rd period - Shot by Kris Russell.
8:42 of 3rd period - Shot Blocked by T.J. Brodie.
9:10 of 3rd period - Ben Lovejoy is hit by Patrick Kane and loses puck.
9:19 of 3rd period - Shot by Connor McDavid.
9:19 of 3rd period - Shot Misses the Net.
9:21 of 3rd period - Shot by Mike Green.
9:21 of 3rd period - Shot Blocked by T.J. Brodie.
9:23 of 3rd period - Shot by Ben Lovejoy.
9:23 of 3rd period - Stopped by Ryan Miller without a rebound.
9:24 of 3rd period - Nazem Kadri wins face-off versus Jacob Josefson in VANCOUVER zone.
9:45 of 3rd period - Shot by Jonathan Huberdeau.
9:45 of 3rd period - Shot Misses the Net.
9:47 of 3rd period - Shot by Nazem Kadri.
9:47 of 3rd period - Shot Blocked by Karl Alzner.
10:06 of 3rd period - Icing by Anton Stralman.
10:07 of 3rd period - Jacob Josefson wins face-off versus Mark Arcobello in ANAHEIM zone.
10:07 of 3rd period - Jacob Josefson is hit by Chris Kunitz.
10:45 of 3rd period - Shot by Marian Gaborik.
10:45 of 3rd period - Shot Misses the Net.
10:47 of 3rd period - Shot by Chris Kunitz.
10:47 of 3rd period - Deflect By Marian Gaborik.
10:47 of 3rd period - Stopped by Cam Talbot without a rebound.
10:48 of 3rd period - Tyler Seguin wins face-off versus Andrew Shaw in ANAHEIM zone.
12:06 of 3rd period - Shot by Evgeny Kuznetsov.
12:06 of 3rd period - Stopped by Ryan Miller without a rebound.
12:07 of 3rd period - Jacob Josefson wins face-off versus Jean-Gabriel Pageau in VANCOUVER zone.
12:31 of 3rd period - Icing by Kris Russell.
12:32 of 3rd period - Jacob Josefson wins face-off versus Nazem Kadri in ANAHEIM zone.
12:50 of 3rd period - Shot by Jason Zucker.
12:50 of 3rd period - Shot Misses the Net.
12:52 of 3rd period - Shot by Jason Zucker.
12:52 of 3rd period - Shot Misses the Net.
12:54 of 3rd period - Shot by Jason Zucker.
12:54 of 3rd period - Deflect By Thomas Vanek.
12:54 of 3rd period - Stopped by Ryan Miller with a rebound.
13:03 of 3rd period - Icing by Travis Hamonic.
13:04 of 3rd period - Nazem Kadri wins face-off versus Connor McDavid in VANCOUVER zone.
13:35 of 3rd period - Shot by Conor Sheary.
13:35 of 3rd period - Shot Blocked by Travis Hamonic.
13:58 of 3rd period - Off-side.
13:59 of 3rd period - Andrew Shaw wins face-off versus Tyler Seguin in neutral zone.
14:16 of 3rd period - Shot by Patrick Kane.
14:16 of 3rd period - Shot Blocked by Ben Lovejoy.
14:18 of 3rd period - Shot by Tyler Seguin.
14:18 of 3rd period - Shot Misses the Net.
15:27 of 3rd period - Icing by Erik Johnson.
15:28 of 3rd period - Jean-Gabriel Pageau wins face-off versus Connor McDavid in VANCOUVER zone.
16:04 of 3rd period - Shot by Chris Kunitz.
16:04 of 3rd period - Shot Misses the Net.
16:06 of 3rd period - Shot by T.J. Brodie.
16:06 of 3rd period - Shot Misses the Net.
16:08 of 3rd period - Shot by Ryan Ellis.
16:08 of 3rd period - Stopped by Cam Talbot without a rebound.
16:09 of 3rd period - Jacob Josefson wins face-off versus Tyler Seguin in ANAHEIM zone.
16:09 of 3rd period - Jacob Josefson is hit by Patrick Kane.
16:18 of 3rd period - Jason Zucker is hit by Kevin Bieksa and loses puck.
16:34 of 3rd period - Kris Russell is hit by Kevin Bieksa and loses puck.
16:48 of 3rd period - Jason Zucker is hit by Kevin Bieksa and loses puck.
16:49 of 3rd period - Minor Penalty to Travis Hamonic for Roughing.
16:50 of 3rd period - Connor McDavid wins face-off versus Jean-Gabriel Pageau in VANCOUVER zone.
16:51 of 3rd period - Shot by Conor Sheary.
16:51 of 3rd period - Stopped by Ryan Miller without a rebound.
16:52 of 3rd period - Connor McDavid wins face-off versus Jean-Gabriel Pageau in VANCOUVER zone.
17:07 of 3rd period - Shot by Connor McDavid.
17:07 of 3rd period - Shot Misses the Net.
17:09 of 3rd period - Shot by Jason Zucker.
17:09 of 3rd period - Stopped by Ryan Miller without a rebound.
17:10 of 3rd period - Jean-Gabriel Pageau wins face-off versus Evgeny Kuznetsov in VANCOUVER zone.
17:27 of 3rd period - Shot by Evgeny Kuznetsov.
17:27 of 3rd period - Stopped by Ryan Miller without a rebound.
17:28 of 3rd period - Jean-Gabriel Pageau wins face-off versus Connor McDavid in VANCOUVER zone.
17:43 of 3rd period - Shot by Connor McDavid.
17:43 of 3rd period - Shot Blocked by Hampus Lindholm.
17:45 of 3rd period - Shot by Karl Alzner.
17:45 of 3rd period - Stopped by Ryan Miller without a rebound.
17:46 of 3rd period - Jean-Gabriel Pageau wins face-off versus Evgeny Kuznetsov in VANCOUVER zone.
17:53 of 3rd period - Icing by Ben Lovejoy.
17:54 of 3rd period - Jean-Gabriel Pageau wins face-off versus Evgeny Kuznetsov in ANAHEIM zone.
18:23 of 3rd period - Shot by Mike Green.
18:23 of 3rd period - Stopped by Ryan Miller with a rebound.
18:35 of 3rd period - Shot by Gustav Nyquist.
18:35 of 3rd period - Shot Misses the Net.
18:37 of 3rd period - Shot by Evgeny Kuznetsov.
18:37 of 3rd period - Stopped by Ryan Miller without a rebound.
18:38 of 3rd period - Jean-Gabriel Pageau wins face-off versus Conor Sheary in VANCOUVER zone.
18:57 of 3rd period - Shot by Michael Frolik.
18:57 of 3rd period - Shot Misses the Net.
18:59 of 3rd period - Shot by Kris Russell.
18:59 of 3rd period - Stopped by Ryan Miller without a rebound.
19:00 of 3rd period - Connor McDavid wins face-off versus Tyler Seguin in VANCOUVER zone.
19:08 of 3rd period - Icing by Ryan Ellis.
19:09 of 3rd period - Michael Frolik wins face-off versus Tyler Seguin in VANCOUVER zone.
19:09 of 3rd period - Michael Frolik is hit by Mark Stone.
19:28 of 3rd period - Icing by Mark Stone.
19:29 of 3rd period - Connor McDavid wins face-off versus Tyler Seguin in VANCOUVER zone.
19:34 of 3rd period - Shot by Connor McDavid.
19:34 of 3rd period - Stopped by Ryan Miller without a rebound.
19:35 of 3rd period - Connor McDavid wins face-off versus Tyler Seguin in VANCOUVER zone.
19:48 of 3rd period - VANCOUVER, Ryan Miller is pulled from the net.
19:56 of 3rd period - Shot by Nazem Kadri.
19:56 of 3rd period - Deflect By Tyler Seguin.
19:56 of 3rd period - Shot Blocked by Anton Stralman.
19:58 of 3rd period - Shot by Ryan Ellis.
19:58 of 3rd period - Shot Blocked by Anton Stralman.
Goals for this period are 0 for ANAHEIM vs 0 for VANCOUVER.
Shots for this period are 14 for ANAHEIM vs 6 for VANCOUVER.